 Seeded DCSS version 0.30.1-9-gdf580d7c3d (webtiles) character file.

Game seed: 13694512553357612568 (custom seed)

278 Psyclone the Conjurer (level 6, -10/32 HPs)
             Began as a Deep Elf Conjurer on Sept 24, 2023.
             Killed by nerve-wracking pain
             ... invoked by an orc priest
              (14 damage)
             ... on level 4 of the Dungeon.
             The game lasted 00:10:09 (3562 turns).

Psyclone the Conjurer (Deep Elf Conjurer)           Turns: 3562, Time: 00:10:09

Health: -10/32     AC:  2    Str:  4    XL:     6   Next: 5%
Magic:  0/16       EV: 13    Int: 25    God:
Gold:   156        SH:  0    Dex: 13    Spells: 13/16 levels left

rFire   . . .        e - +0 dagger
rCold   . . .        (no shield)
rNeg    . . .        a - +0 robe
rPois   .            (no helmet)
rElec   .            (no cloak)
rCorr   .            (no gloves)
SInv    .            (no boots)
Will    .....        (no amulet)
Stlth   ++           (no ring)
HPRegen 0.25/turn    (no ring)
MPRegen 0.15/turn

%: no passive effects
@: no status effects
A: no striking features
a: no special abilities


You were on level 4 of the Dungeon.
You visited 1 branch of the dungeon, and saw 4 of its levels.

You collected 156 gold pieces.

Inventory:

Hand Weapons
 e - a +0 dagger (weapon)
Armour
 a - a +0 robe (worn)
Magical Staves
 k - a staff of air
Jewellery
 o - an amulet of faith
Scrolls
 c - 3 scrolls of teleportation {unknown}
 d - 8 scrolls of identify {unknown}
 g - a scroll of vulnerability {unknown}
 h - a scroll of fear {unknown}
 i - 2 scrolls of noise {unknown}
 n - a scroll of enchant armour {unknown}
 q - a scroll of amnesia {unknown}
Potions
 b - a potion of attraction {unknown}
 f - a potion of curing {unknown}
 j - a potion of brilliance {unknown}
 l - 2 potions of mutation {unknown}
 m - a potion of lignification {unknown}
 p - a potion of ambrosia {unknown}


   Skills:
 - Level 3.6 Dodging
 - Level 3.8 Stealth
 + Level 5.6 Spellcasting
 + Level 5.9 Conjurations


You had 13 spell levels left.
You knew the following spells:

 Your Spells              Type           Power      Damage    Failure   Level
a - Magic Dart            Conj           100%       1d8       1%          1
b - Searing Ray           Conj           72%        2d7       1%          2

Your spell library contained the following spells:

 Spells                   Type           Power      Damage    Failure   Level
 Dazzling Flash           Conj/Hex       42%        N/A       7%          3
 Hailstorm                Conj/Ice       21%        3d6       7%          3
 Stone Arrow              Conj/Erth      42%        3d9       7%          3
 Freeze                   Ice            28%        1d5       8%          1
 Cigotuvi's Dreadful Rot  Necr/Pois/Air  14%        N/A       12%         2
 Fulminant Prism          Conj/Hex       10%        3d9       22%         4
 Iskenderun's Mystic Bla  Conj/Tloc      21%        2d6       22%         4
 Frozen Ramparts          Ice            14%        1d3       24%         3
 Ignite Poison            Fire/Tmut/Pois 7%         N/A       24%         3
 Inner Flame              Hex/Fire       7%         N/A       24%         3
 Animate Armour           Summ/Erth      14%        N/A       61%         4
 Freezing Cloud           Conj/Ice/Air   8%         6-21      67%         5
 Yara's Violent Unravell  Hex/Tmut       3%         3d4       91%         5
 Enfeeble                 Hex            3%         N/A       100%        7
 Lehudib's Crystal Spear  Conj/Erth      10%        10d4      100%        8


Dungeon Overview and Level Annotations

Branches:
Dungeon (4/15) Zot: 20453
 Temple: D:4-7

Altars:
Yredelemnul

Shops:
D:1 ?


Message History

Pain shoots through your body!
You take 3 damage, and have 17/32 hp.
Casting: Searing Ray (safe; 1% risk of failure)
Confirm with . or Enter, or press ? or * to list all spells.
Aiming: Magic Dart (safe; 1% risk of failure)
Press: ? - help, Shift-Dir - straight line, f/p - orc priest
Aim: an orc priest, wielding a +0 whip and wearing a +0 ring mail (heavily wounded, 100% to hit)
The magic dart hits the orc priest but does no damage.
The orc priest is heavily wounded.
The orc priest barely misses you.
You now have 0/16 mp.
You hit the orc priest but do no damage.
The orc priest is heavily wounded.
The orc priest misses you.
You hit the orc priest but do no damage.
The orc priest is heavily wounded.
The orc priest closely misses you.
You hit the orc priest but do no damage.
The orc priest is heavily wounded.
The orc priest misses you.
Casting: Magic Dart (safe; 1% risk of failure)
Confirm with . or Enter, or press ? or * to list all spells.
Aiming: Magic Dart (safe; 1% risk of failure)
Press: ? - help, Shift-Dir - straight line, f/p - orc priest
Aim: an orc priest, wielding a +0 whip and wearing a +0 ring mail (heavily wounded, 100% to hit)
The magic dart hits the orc priest.
The orc priest is severely wounded.
The orc priest hits you with a +0 whip.
You take 5 damage, and have 13/32 hp.
You now have 0/16 mp.
You hit the orc priest.
The orc priest is severely wounded.
The orc priest calls down the wrath of Beogh upon you.
Beogh smites you!
* * * LOW HITPOINT WARNING * * *
You take 10 damage, and have 3/32 hp.
MASSIVE DAMAGE!!
You barely miss the orc priest.
The orc priest is severely wounded.
The orc priest invokes the aid of Beogh against you.
Pain shoots through your body!
You die...

..#. #......... ....
###......... #...
.#.......## #...
.........# ..(.
#........# . #.)#
##........##.! .
#..###............
.. ##.o@.........$.#
...#..##(#####...###
...... #).# ##.o##
....#.##.## ##..#
.......#<## ###..###
.. #.....# #.....>#
. ###.###
#...#......
####.[o##
##o#######..
.........###...# .


You could see an orc priest.

Vanquished Creatures
  A scorpion (D:4)
  An orc priest (D:3)
  An orc wizard (D:3)
  3 gnolls
  5 adders
  A worm (D:2)
  2 dart slugs (D:3)
  14 orcs
  3 endoplasms
  4 giant cockroaches
  9 hobgoblins
  2 quokkas
  4 ball pythons
  2 bats
  4 frilled lizards
  6 goblins
  7 kobolds
  8 rats
  A spectral orc (D:3)
78 creatures vanquished.

Notes
Turn   | Place    | Note
-------+----------+-------------------------------------------
     0 | D:1      | Psyclone the Deep Elf Conjurer began the quest for the Orb.
     0 | D:1      | Reached XP level 1. HP: 10/10 MP: 6/6
   462 | D:1      | Reached XP level 2. HP: 15/15 MP: 5/8
   577 | D:1      | Found Esem's Magic Scroll Shop.
  1219 | D:2      | Learned a level 2 spell: Searing Ray
  1602 | D:2      | Reached XP level 3. HP: 19/19 MP: 5/10
  2166 | D:3      | Reached XP level 4. HP: 8/24 MP: 6/12
  2168 | D:3      | Reached skill level 5 in Conjurations
  2407 | D:3      | Reached XP level 5. HP: 26/28 MP: 9/13
  3007 | D:3      | Found a basalt altar of Yredelemnul.
  3445 | D:4      | Reached skill level 5 in Spellcasting
  3544 | D:4      | Reached XP level 6. HP: 32/32 MP: 1/16
  3562 | D:4      | Killed from afar by an orc priest

Illustrated notes

Levels and vault maps discovered:
D:1:      nagdon_arrival_double_spiral, layout_basic, serial_shops, shop
D:2:      layout_basic
D:3:      layout_basic, yredelemnul_forgotten_temple_becter,
          minmay_fractal_squares_5
D:4:      layout_cave_pools, nemelex_diamond_rough_becter, uniq_menkaure

Skill      XL: |  1  2  3  4  5 |
---------------+----------------+-----
Stealth        | 3 |  3.8
Dodging        | 3 |  3.6
Spellcasting   | 4 5 |  5.6
Conjurations   | 5 |  5.9

Action                     |  1- 3 |  4- 6 || total
---------------------------+-------+-------++-------
  Melee: Dagger            |       |    34 ||    34
         Punch             |       |     1 ||     1
   Cast: Magic Dart        |    58 |    73 ||   131
         Searing Ray       |     3 |    11 ||    14
    Use: Potion            |     3 |       ||     3
 Armour: Robe              |     1 |       ||     1
  Dodge: Dodged            |     6 |    43 ||    49
